 Dungeon Crawl Stone Soup version 0.18-a0-1078-gebb93d0 (webtiles) character file.

1545 TriBird the Covered (level 8, 0/70 HPs)
             Began as a Minotaur Fighter on Jan 13, 2016.
             Was an Initiate of Qazlal.
             Succumbed to a killer bee's poison
             ... on level 8 of the Dungeon on Jan 14, 2016.
             The game lasted 01:07:50 (5579 turns).

TriBird the Covered (Minotaur Fighter)              Turns: 5579, Time: 01:07:50

Health: 0/70       AC: 17    Str: 23    XL:     8   Next: 56%
Magic:  7/7        EV:  6    Int:  5    God:    Qazlal [......]
Gold:   366        SH: 11    Dex: 10    Spells: 0 memorised, 7 levels left

rFire  . . .     SeeInvis .     a - +1 war axe
rCold  . . .     Gourm    .     H - +0 plate armour
rNeg   . . .     Faith    .     c - +0 shield
rPois  .         Spirit   .     (helmet restricted)
rElec  .         Dismiss  .     F - +0 cloak
rCorr  .         Reflect  .     (no gloves)
SustAt +         Harm     .     n - +1 pair of boots
MR     +....                    k - amulet of magic regeneration
Stlth  ..........               u - ring of protection from magic
                                v - ring of sustain attributes

@: lethally poisoned (0 -> -5), somewhat resistant to hostile enchantments,
extremely unstealthy
A: retaliatory headbutt, horns 2
a: Renounce Religion


You were on level 8 of the Dungeon.
You worshipped Qazlal.
Qazlal was noncommittal.
You were not hungry.

You visited 1 branch of the dungeon, and saw 8 of its levels.

You collected 366 gold pieces.

Inventory:

Hand Weapons
 a - a +1 war axe (weapon)
 x - a +0 quarterstaff of draining
 C - a +0 shortbow
 E - a +3 quarterstaff of chaos
 K - a +1 vampiric dagger
 S - a +0 long sword
Missiles
 e - 36 poisoned needles
 i - 5 tomahawks (quivered)
 l - 163 arrows
 m - 17 steel bolts
 s - a throwing net
 z - 20 stones
 A - 22 bolts
 G - 2 needles of sleeping
 J - 7 curare-tipped needles
Armour
 b - a +0 scale mail
 c - a +0 shield (worn)
 n - a +1 pair of boots (worn)
 F - a +0 cloak (worn)
 H - a +0 plate armour (worn)
Jewellery
 k - an amulet of magic regeneration (around neck)
 u - a ring of protection from magic (right hand)
 v - a ring of sustain attributes (left hand)
Wands
 f - a wand of slowing (26/48)
 I - a wand of digging (14/24)
 L - a wand of frost (16/48)
Scrolls
 j - a scroll of blinking
 r - 2 scrolls of enchant armour
 y - a scroll of magic mapping
 M - a scroll of recharging
 N - 2 scrolls of fear
 O - a scroll of teleportation
 U - a scroll of immolation {unknown}
Potions
 g - a potion of resistance {unknown}
 p - a potion of brilliance {unknown}
 q - 2 potions of flight {unknown}
 t - a potion of invisibility {unknown}
 w - 3 potions of berserk rage {unknown}
 B - 2 potions of cancellation {unknown}
 Q - a potion of might
 R - a potion of agility {unknown}
Books
 o - a book of the Sky

   Spells                             Type                      Level
   a - Summon Lightning Spire         Summoning/Air                4
   b - Airstrike                      Air                          4
   c - Silence                        Hexes/Air                    5
   d - Deflect Missiles               Charms/Air                   6
   e - Conjure Ball Lightning         Conjuration/Air              6
   f - Tornado                        Air                          9
 P - the Handbook of Protection and Dislocation
   (You found it on level 5 of the Dungeon)

   Spells                             Type                      Level
   a - Apportation                    Translocation                1
   b - Song of Slaying                Charms                       2
   c - Shroud of Golubria             Charms/Translocation         2
   d - Ozocubu's Armour               Charms/Ice                   3
   e - Ring of Flames                 Charms/Fire                  7
Comestibles
 d - 2 beef jerkies
 D - a slice of pizza
 T - a bread ration


   Skills:
 + Level 6.0 Fighting
 + Level 6.4 Axes
 + Level 7.5 Armour
 + Level 4.1 Dodging
 + Level 0.8 Stealth
 + Level 7.1 Shields


You had 7 spell levels left.
You didn't know any spells.

Dungeon Overview and Level Annotations

Branches:
Dungeon (8/15)
 Temple: D:4-7         Lair: D:8-11

Altars:
Dithmenos
Gozag
Nemelex Xobeh
Qazlal
Sif Muna
Trog
Yredelemnul

Annotations:
D:5 Sigmund


Innate Abilities, Weirdness & Mutations

You reflexively headbutt those who attack you in melee.
You have a pair of horns on your head.


Message History

The killer bee stings you but does no damage.
You barely miss the killer bee. Your headbutt misses the killer bee.
The killer bee is almost dead.
* * * LOW HITPOINT WARNING * * *
You feel sick. You block the killer bee's attack.
The killer bee stings you but does no damage.
You miss the killer bee.
The killer bee is almost dead.
* * * LOW HITPOINT WARNING * * *
You feel sick.
The killer bee stings you but does no damage.
The killer bee barely misses you. You furiously retaliate!
You headbutt the killer bee, but do no damage.
The killer bee stings you but does no damage.
* * * LOW HITPOINT WARNING * * *
You feel sick.
The killer bee stings you but does no damage.
The killer bee stings you.
* * * LOW HITPOINT WARNING * * *
You die...

####..[....
.#+###..........
#...............
................
.............#
.........#...#
...#....<....#.
......#.y#......
#......@........
#...#...........
.......####.....
....... .....
....... ....
....... ..
..≈≈≈≈. .≈≈≈≈≈≈


You could see a killer bee.

Vanquished Creatures
  A sky beast (D:5)
  2 ogres (D:4)
  2 centaurs
  2 giant frogs
  3 scorpions
  4 killer bees
  Crazy Yiuf (D:3)
  A giant frog skeleton (D:6)
  6 hounds
  Terence (D:3)
  2 iguanas (D:4)
  2 worker ants (D:4)
  4 orc wizards
  10 adders
  An ooze (D:2)
  2 adder skeletons
  4 worms (D:2)
  6 giant geckos
  12 orcs
  4 bats
  6 giant cockroaches
  7 goblins
  11 hobgoblins
  6 jackals
  5 kobolds
  4 quokkas
  A ball python (D:1)
  A giant gecko skeleton (D:4)
  5 giant newts
  A quokka zombie (D:4)
  11 rats
  3 fungi (D:3)
131 creatures vanquished.

Notes
Turn   | Place    | Note
--------------------------------------------------------------
     0 | D:1      | TriBird the Minotaur Fighter began the quest for the Orb.
     0 | D:1      | Reached XP level 1. HP: 19/19 MP: 0/0
    94 | D:1      | Reached XP level 2. HP: 27/27 MP: 1/1
   502 | D:1      | Reached skill level 4 in Fighting
   750 | D:2      | Reached XP level 3. HP: 29/33 MP: 2/2
   834 | D:2      | Found a shadowy altar of Dithmenos.
  1024 | D:2      | Reached XP level 4. HP: 32/40 MP: 3/3
  1536 | D:3      | Reached skill level 1 in Dodging
  1536 | D:3      | Reached XP level 5. HP: 44/47 MP: 4/4
  1654 | D:3      | Noticed Terence
  1661 | D:3      | Killed Terence
  1723 | D:3      | Noticed a centaur
  1744 | D:3      | Killed a centaur
  1744 | D:3      | Reached skill level 5 in Armour
  1744 | D:3      | Reached skill level 5 in Shields
  1744 | D:3      | Reached XP level 6. HP: 12/53 MP: 5/5
  2030 | D:3      | Found an opulent altar of Gozag.
  2112 | D:3      | Noticed Crazy Yiuf
  2115 | D:3      | Killed Crazy Yiuf
  2375 | D:4      | Reached skill level 5 in Fighting
  2378 | D:4      | Reached XP level 7. HP: 18/61 MP: 6/6
  2713 | D:4      | Upgraded the game from 0.18-a0-1070-gd466a24 to 0.18-a0-1078-gebb93d0
  2821 | D:4      | Found a deep blue altar of Sif Muna.
  3037 | D:4      | Reached skill level 5 in Axes
  3037 | D:4      | Reached skill level 6 in Shields
  3152 | D:5      | Entered Level 5 of the Dungeon
  3223 | D:5      | Found a stormy altar of Qazlal.
  3252 | D:5      | Became a worshipper of Qazlal Stormbringer
  3254 | D:5      | Found a bloodstained altar of Trog.
  3751 | D:5      | Identified the Handbook of Protection and Dislocation
  3943 | D:5      | Reached XP level 8. HP: 69/69 MP: 7/7
  3947 | D:5      | Noticed a moth of wrath
  4030 | D:5      | Noticed Sigmund
  4421 | D:6      | Found a sparkling altar of Nemelex Xobeh.
  4643 | D:6      | Found a basalt altar of Yredelemnul.
  5225 | D:7      | HP: 3/70 [killer bee (1)]
  5245 | D:8      | Reached skill level 7 in Armour
  5578 | D:8      | HP: 1/70 [killer bee (3)]
  5579 | D:8      | Succumbed to a killer bee's poison

Vault maps used:
D:1:      saegor_arrival_simple_c
D:2:      lemuel_round_altar
D:3:      grunt_gozag_statues, first_bread, uniq_crazy_yiuf_cottage,
          uniq_terence
D:4:      led_sif_pool, minmay_joined_circles
D:5:      lemuel_crystal_altar, tgw_trog, trog_three_pillars_becter,
          uniq_sigmund
D:6:      overflow_temple_1_default, old_standard_altar
D:7:      good_gods_mini_temple, old_standard_altar, lemuel_crystal_altar,
          temple_fountains
D:8:      serial_shops, nicolae_shop_trees, grunt_livestock

Action                   |  1- 3 |  4- 6 |  7- 9 || total
-------------------------+-------+-------+-------++-------
Melee: War axe           |    81 |   157 |   172 ||   410
  Use: Scroll            |       |     8 |     7 ||    15
       Potion            |       |     1 |     4 ||     5
  Eat: Bread ration      |       |     1 |     1 ||     2
       Meat ration       |       |       |     1 ||     1
       Pizza             |       |       |     1 ||     1
